 Dungeon Crawl Stone Soup version 0.27-a0-1191-g601b473118 (webtiles) character file.

Game seed: 8775354664839764519

2 shoop the Sneak (level 1, -2/11 HPs)
             Began as a Vine Stalker Delver on May 23, 2021.
             Slain by a lemure (7 damage)
             ... led by Pikel
             ... on level 3 of the Dungeon.
             The game lasted 00:01:24 (273 turns).

shoop the Sneak (Vine Stalker Delver)                Turns: 273, Time: 00:01:27

Health: -2/11      AC:  3    Str: 14    XL:     1   Next: 40%
Magic:  0/2        EV: 11    Int: 10    God:
Gold:   27         SH:  0    Dex: 15    Spells: 0/0 levels left

rFire    . . .     SeeInvis .   a - +0 short sword
rCold    . . .     Faith    .   (no shield)
rNeg     . . .     Spirit   +   b - +0 leather armour
rPois    .         Reflect  .   (no helmet)
rElec    .         Harm     .   (no cloak)
rCorr    .         Rampage  .   (no gloves)
Will     .....                  (no boots)
Stlth    +++.......             (no amulet)
HPRegen  0.03/turn              (no ring)
MPRegen  0.08/turn              (no ring)

@: no status effects
A: fangs 2, magic shield, antimagic bite, no potion heal 2
a: no special abilities


You were on level 3 of the Dungeon.
You visited 1 branch of the dungeon, and saw 3 of its levels.

You collected 27 gold pieces.

Inventory:

Hand Weapons
 a - a +0 short sword (weapon)
Armour
 b - a +0 leather armour (worn)
Wands
 g - a wand of digging (3)
Scrolls
 c - 2 scrolls of fog
 d - a scroll of magic mapping
 j - a scroll of teleportation {unknown}
 l - a scroll of identify {unknown}
Potions
 f - a potion of haste
 h - a potion of heal wounds {unknown}
 i - a potion of brilliance {unknown}
 k - a potion of cancellation {unknown}
 m - a potion of curing {unknown}


   Skills:
 - Level 2.6 Fighting
 + Level 2.0 Short Blades
 - Level 1.5 Dodging
 - Level 6.0 Stealth


You couldn't memorise any spells.
You didn't know any spells.
Your spell library was empty.

Dungeon Overview and Level Annotations

Branches:
Dungeon (5/15)
 Temple: D:4-7

Altars:

Annotations:
D:3 Grinder
D:4 exclusion: orc, Pikel
D:5 exclusions: door and hound


Innate Abilities, Weirdness & Mutations

You have extremely sharp teeth.
When hurt, damage is shared between your health and your magic reserves.
Your bite disrupts and absorbs the magic of your enemies.
Potions cannot restore your health.


Message History

The ball python grabs you. The ball python constricts you.
The ball python bites you but does no damage.
The ball python constricts you.
You hit the ball python.
You kill the ball python!
Your Short Blades skill increases to level 2!
You start resting.
HP restored.
Found a long sword.
j - a scroll labelled XICALAM GOLOIRR
k - an orange potion An orc comes into view.
It is wielding a +0 hand axe.
Unknown command.
l - a scroll labelled XUOWOI POOXIME
m - a dark potion A kobold comes into view.
It is wielding a +0 short sword.
Found an escape hatch in the ceiling. 2 lemures and a zombie come into view.
The lemure shouts! x2; You hear a shout!
A lemure and Pikel come into view.
Pikel is wielding a +0 whip of freezing.
The kobold barely misses you. The lemure hits you.
The lemure barely misses you.
Found a stone staircase leading up.
The kobold throws a stone.
The stone hits you.
There is an escape hatch in the ceiling here.
The lemure closely misses you. The lemure misses you.
A mysterious force pulls you upwards. The hatch slams shut behind you.
You hear the sound of rushing water.
There is an entrance to a sewer on this level.
Hurry and find it before the portal rusts away!
A ball python and Grinder come into view.
Found 4 gold pieces.
As you read the scroll of fear, it crumbles to dust.
You assume a fearsome visage.
Grinder is unaffected.
The ball python looks frightened!
The ball python hisses angrily.
The lemure is unaffected. x2; The lemure hits you!
Ouch! That really hurt!
You die...

#.. #..
#..#########
#.......5..
#..S.....#
#........+
#..$.....#
#...5@...#
#....5...#
##.#.....# #
#.......
##.###....
#.# .... ..#
... ... ..


You could see Grinder, 2 lemures and a ball python (fleeing).

Vanquished Creatures
  A ball python (D:4)
  A giant cockroach (D:4)
2 creatures vanquished.

Notes
Turn   | Place    | Note
-------+----------+-------------------------------------------
     0 | D:5      | shoop the Vine Stalker Delver began the quest for the Orb.
     0 | D:5      | Reached XP level 1. HP: 11/11 MP: 2/2
   116 | D:5      | Noticed a hound
   265 | D:4      | Noticed a lemure
   265 | D:4      | Noticed a lemure
   266 | D:4      | Noticed Pikel
   266 | D:4      | Noticed a lemure
   272 | D:3      | Noticed Grinder
   273 | D:3      | Slain by a lemure

Illustrated notes

Levels and vault maps discovered:
D:3:      layout_basic, shapermc_ecumenical_altar_flowoftime,
          gup_sewer_entry_bowl, minmay_misc_feat_enclosed, uniq_grinder,
          uniq_natasha, uniq_robin, uniq_jessica, uniq_ijyb
D:4:      layout_rooms, uniq_pikel
D:5:      layout_basic

Skill      XL: |  1 |
---------------+----+-----
Short Blades   | 2 |  2.0
Fighting       | |  2.6
Dodging        | |  1.5
Stealth        | |  6.0

Action                   || total
-------------------------++-------
Melee: Short sword       ||     3
  Use: Scroll            ||     1
 Stab: Sleeping          ||     1
Armor: Leather armour    ||     2
Dodge: Dodged            ||     4

Table legend: (Time is in decaauts)
 A = Elapsed time spent in this place.
 B = Non-inter-level travel time spent in this place.
 C = Inter-level travel time spent in this place.
 D = Time resting spent in this place.
 E = Time spent auto-exploring this place.
 F = Levels seen in this place.
 G = Mean time per level.
                   A        B        C        D        E       F      G
               +--------+--------+--------+--------+--------+-----+--------+
         Total |    272 |    272 |      0 |     60 |    114 |   3 |   90.7 |
       Dungeon |    272 |    272 |      0 |     60 |    114 |   3 |   90.7 |
               +--------+--------+--------+--------+--------+-----+--------+

Top non-repeatable levels by time:
     D:5: 153 daAuts
     D:4: 118 daAuts
     D:3: 0 daAuts
